Unix NetHack Version 5.0.0-0 post-release - last build May 17 2026 04:57:42 (dc50c8380fa5e20985bfe3072449f57b8d9895ef,branch:main).

Game began 2026-05-18 04:34:07, ended 2026-05-19 22:53:22.

IanCurtis, chaotic male elven Wizard

                                                             ---------------
                                                          ###..............|
                                 -------------            #  |.............|
                                 |*.........*|            #  |.<...........|
                                 |.....*.....|          ###  ---.-----------
                                 |...-----...|          #       #
                                 |...|.{.|...|##   ######       *
                                 |..*|{.{|*..-######            ##`
                                 |...|.{.|...|######              #
                                 |...--.--...|   ##    -----#     #
                                 |.....*@....|         |....#%#######
                                 |*.........*|         ..>.|  #  ---.--
                                 -------------         |...|  ## |..%%|
                                                       -----     |....|
                                                                 |....|
                                                                 ------

IanCurtis the Thaumaturge  St:12 Dx:14 Co:16 In:17 Wi:11 Ch:12  Chaotic
Dlvl:7  $:233 HP:0(55) Pw:2(55) AC:8  Xp:6 T:4170  Burdened Blind

Latest messages:
 The pony bites!
 The pony kicks!
 The pony bites!
 In what direction? l
 The spell hits the pony!
 You kill the pony!
 In what direction? k
 The statue shatters.
 Boing!
 The Oracle gets angry!
 You see here a statue of a plains centaur.
 You stop searching.
 In what direction? j
 The spell misses the iron piercer.
 The statue shatters.
 You hit the iron piercer.
 You miss the iron piercer.
 You miss the iron piercer.
 You miss the iron piercer.
 You hit the iron piercer!
 You miss the iron piercer.
 You hit the iron piercer!
 You hit the iron piercer.
 You miss the iron piercer.
 You hit the iron piercer.
 The iron piercer bites!
 You hear snoring snakes.
 You see here 15 rocks.
 You hear bubbling water.
 You see here 30 rocks.
 You see here 51 rocks.
 You feel wise!
 You must have been very observant.
 You see here 45 rocks.
 "You're in Delphi, IanCurtis."
 You see here 45 rocks.
 In what direction? l
 The spell misses the raven.
 The raven bites!
 The raven blinds you!
 It bites!
 You hit it.
 It bites!
 It bites!
 It bites!
 You miss it.
 It bites!
 It bites!
 You die...
 Do you want your possessions identified? [ynq] (y) q

Inventory:
 Coins    ('$')
  $ - 233 gold pieces
 Weapons  (')')
  G - 14 +0 arrows
  a - a blessed +1 quarterstaff (weapon in hands)
 Armor    ('[')
  p - an uncursed +0 orcish helm (being worn)
  b - an uncursed +0 cloak of magic resistance (being worn)
 Comestibles  ('%')
  T - 2 uncursed candy bars labeled "Berry Bar"
  t - 6 uncursed food rations
  Q - an uncursed sprig of wolfsbane
  R - an uncursed tripe ration
  D - an uncursed lichen corpse
 Scrolls  ('?')
  q - an uncursed scroll of amnesia
  i - an uncursed scroll of blank paper
  j - a blessed scroll of charging
  K - an uncursed scroll of enchant armor
  x - an uncursed scroll of fire
  C - an uncursed scroll of gold detection
  z - an uncursed scroll of identify
  k - an uncursed scroll of remove curse
  I - a cursed scroll of remove curse
  y - an uncursed scroll of teleportation
 Spellbooks  ('+')
  F - an uncursed spellbook of dig
  o - an uncursed spellbook of levitation
 Potions  ('!')
  m - an uncursed potion of booze
  l - an uncursed potion of gain energy
  M - 2 uncursed potions of gain level
  P - an uncursed potion of hallucination
  u - 4 uncursed potions of healing
  N - an uncursed potion of levitation
  g - an uncursed potion of monster detection
  S - a blessed potion of paralysis
  v - an uncursed potion of paralysis
  A - an uncursed potion of restore ability
  O - a cursed potion of restore ability
  h - an uncursed potion of water
  w - a potion of unholy water
 Rings    ('=')
  U - an uncursed ring of conflict named conflict
  e - an uncursed ring of free action
  J - a cursed -1 ring of increase damage
  s - an uncursed ring of poison resistance
  E - an uncursed ring of regeneration
  d - an uncursed ring of slow digestion (on right hand)
 Wands    ('/')
  V - a wand of cold (0:6)
  r - a wand of lightning (0:5)
  f - a wand of locking (0:6)
  c - a wand of magic missile (0:5)
 Tools    ('(')
  n - a magic marker (0:22)

IanCurtis the Wizard's attributes:

Background:
 You were a Thaumaturge, a level 6 male elven Wizard.
 You were chaotic, on a mission for Anhur
 who was opposed by Ptah (lawful) and Thoth (neutral).
 You were right-handed.
 You were in the Dungeons of Doom, on level 7.
 You entered the dungeon 4170 turns ago.
 It was nighttime.
 There was a new moon in effect when your adventure ended.
 You had 558 experience points, 82 more were needed to attain level 7.

Basics:
 You had 0 out of 55 hit points.
 You had 2 out of 55 energy points (spell power).
 Your armor class was 8.
 Your wallet contained 233 zorkmids.
 Autopickup was off.

Final Characteristics:
 Your strength was 12 (limit:18).
 Your dexterity was 14 (limit:18).
 Your constitution was 16 (limit:16).
 Your intelligence was 17 (limit:20).
 Your wisdom was 11 (limit:20).
 Your charisma was 12 (limit:18).

Final Status:
 You were temporarily blind.
 You weren't hungry.
 You were burdened; movement was slightly slowed.
 You were wielding a quarterstaff.
 You had basic skill with quarterstaff and could have enhanced that.

Final Attributes:
 You were piously aligned.
 You were magic-protected.
 You were sleep resistant.
 You had infravision.
 You had slower digestion.
 You were warded.
 You are dead.

Miscellaneous:
 You didn't encounter any bones levels.
 Total elapsed playing time was 35 minutes and 52 seconds.

Major events:
 Turn
    1: IanCurtis the chaotic male elven Wizard entered the dungeon
  105: attained the rank of Conjurer (level 3)
 2109: entered the Gnomish Mines
 2641: attained the rank of Thaumaturge (level 6)
 4170: killed by a raven

Spells:
 Name                 Level Category     Fail Retention
 force bolt             1   attack         0%   71%-80%
 cure blindness         2   healing       54%  76%-100%
 stone to flesh         3   healing       87%  76%-100%
 light                  1   divination     0%  76%-100%
 levitation             4   escape       100%  76%-100%

Skills:
 Fighting Skills
   bare handed combat [Unskilled]
   riding             [Unskilled]
 Weapon Skills
   dagger             [Unskilled]
   knife              [Unskilled]
   axe                [Unskilled]
   short sword        [Unskilled]
   club               [Unskilled]
   mace               [Unskilled]
   quarterstaff       [Basic]
   polearms           [Unskilled]
   spear              [Unskilled]
   trident            [Unskilled]
   sling              [Unskilled]
   dart               [Unskilled]
   shuriken           [Unskilled]
 Spellcasting Skills
   attack spells      [Basic]
   healing spells     [Unskilled]
   divination spells  [Unskilled]
   enchantment spells [Basic]
   clerical spells    [Unskilled]
   escape spells      [Unskilled]
   matter spells      [Unskilled]

Voluntary challenges:
 Character rerolling was not enabled.
 You never genocided any monsters.
 You never polymorphed an object.
 You never changed form.
 You used no wishes.
Achievements:
 You attained the rank of Conjurer.
 You entered a shop.
 You entered the Gnomish Mines.
 You attained the rank of Thaumaturge.

 The Dungeons of Doom: levels 1 to 7
    Level 1:
    Level 2: "vault"
       An armor shop, a fountain.
    Level 3: "spellbook stash"
       A general store, an altar, a grave.
    Level 4: "vault"
       Some fountains, a sink.
       Stairs down to The Gnomish Mines.
    Level 5:
    Level 6:
       Some fountains.
    Level 7: <- You were here.
       Many fountains.
       Oracle of Delphi.
       Final resting place for
          you, killed by a raven.
 The Gnomish Mines:
    Level 5:


Vanquished creatures:
  a leprechaun
 an orc mummy
  a lizard
  a dog
  2 dust vortices
  a raven
 an ape
  2 ponies
  a fog cloud
  a yellow light
  2 gnome leaders
  a gnomish wizard
  a black naga hatchling
  2 giant ants
  a floating eye
  a kitten
  a dwarf
  a homunculus
  2 rothes
  2 giant bats
  a wererat
  3 iguanas
  2 coyotes
  a gas spore
  a hobbit
  3 giant rats
  a cave spider
  a brown mold
  2 red molds
  3 gnomes
  8 garter snakes
  a gnome zombie
  5 geckos
  4 jackals
  4 foxes
  a kobold
  4 goblins
  8 grid bugs
  3 bats
  7 lichens
  a kobold zombie
  5 newts
95 creatures vanquished.

No species were genocided or became extinct.

Game over:
                       ----------
                      /          \
                     /    REST    \
                    /      IN      \
                   /     PEACE      \
                  /                  \
                  |    IanCurtis     |
                  |      233 Au      |
                  |   killed by a    |
                  |      raven       |
                  |                  |
                  |                  |
                  |       2026       |
                 *|     *  *  *      | *
        _________)/\\_//(\/(/\)/\//\/|_)_______

Goodbye IanCurtis the Wizard...

You died in The Dungeons of Doom on dungeon level 7 with 2742 points,
and 233 pieces of gold, after 4170 moves.
You were level 6 with a maximum of 55 hit points when you died.

